 Dungeon Crawl Stone Soup version 0.28-a0-1435-g82390b3a13 (webtiles) character file.

Game seed: 5767115152832282673

7560 gimp the Fencer (level 10, -5/81 HPs)
             Began as a Minotaur Gladiator on Jan 9, 2022.
             Was an Elder of Okawaru.
             Killed from afar by a gargoyle (13 damage)
             ... with a stone arrow
             ... on level 11 of the Dungeon.
             The game lasted 00:18:20 (13154 turns).

gimp the Fencer (Minotaur Gladiator)               Turns: 13154, Time: 00:18:21

Health: -5/81      AC: 17    Str: 21    XL:     10   Next: 96%
Magic:  12/13      EV: 16    Int:  5    God:    Okawaru [****..]
Gold:   496        SH:  0    Dex: 14    Spells: 9/9 levels left

rFire   . . .      SeeInvis .   a - +0 long sword
rCold   + . .      Faith    .   (no shield)
rNeg    . . .      Spirit   .   t - quicksilver dragon scales
rPois   .          Reflect  .   c - +0 hat
rElec   .          Harm     .   w - +0 cloak
rCorr   .          Rampage  .   (no gloves)
Will    ++...                   k - +0 pair of boots
Stlth   ++........              (no amulet)
HPRegen 0.23/turn               f - ring of protection from cold
MPRegen 0.13/turn               v - ring of willpower

@: heroic
A: horns 2, retaliatory headbutt
a: Renounce Religion, Heroism, Finesse


You were on level 11 of the Dungeon.
You worshipped Okawaru.
Okawaru was greatly pleased with you.
You visited 1 branch of the dungeon, and saw 11 of its levels.

You collected 496 gold pieces.

Inventory:

Hand Weapons
 a - a +0 long sword (weapon)
 b - a +2 falchion of flaming
Missiles
 d - a throwing net
 m - 57 poisoned darts
 y - 6 silver javelins (quivered)
 A - 4 curare-tipped darts
Armour
 c - a +0 hat (worn)
 h - a +0 plate armour
 k - a +0 pair of boots (worn)
 t - quicksilver dragon scales (worn)
 w - a +0 cloak (worn)
Jewellery
 f - a ring of protection from cold (left hand)
 u - the ring "Bumigux" {*Slow rF+ rCorr Stlth+}
   (You found it on level 7 of the Dungeon)

   [ring of protection from fire]

   rF:        It protects you from fire.
   rCorr:     It protects you from acid and corrosion.
   *Slow:     It may slow you when you take damage.
   Stlth:     It makes you more stealthy.
 v - a ring of willpower (right hand)
 C - a ring of ice
Scrolls
 i - a scroll of magic mapping
 j - a scroll of amnesia
 l - a scroll of enchant armour
 n - 7 scrolls of teleportation
 p - 2 scrolls of blinking
 q - 2 scrolls of vulnerability
 x - 4 scrolls of fog
 z - 3 scrolls of immolation
Potions
 e - a potion of curing
 g - a potion of magic
 o - 2 potions of attraction
 r - a potion of resistance
 s - a potion of flight {unknown}
 B - a potion of haste {unknown}
 E - a potion of brilliance {unknown}
Miscellaneous
 D - a phial of floods


   Skills:
 - Level 5.0(10.0) Fighting
 - Level 15.1(20.1) Long Blades
 - Level 2.0(7.0) Throwing
 + Level 8.6(13.6) Armour
 * Level 5.7(10.7) Dodging
 - Level 6.4 Invocations


You had 9 spell levels left.
You didn't know any spells.
Your spell library contained the following spells:

 Spells                   Type           Power      Damage    Failure   Level
 Freeze                   Ice            0%         1d3       58%         1
 Slow                     Hex            0%         N/A       58%         1
 Confusing Touch          Hex            0%         N/A       92%         3
 Frozen Ramparts          Ice            0%         1d2       92%         3
 Vampiric Draining        Necr           0%         2d6       92%         3
 Hailstorm                Conj/Ice       0%         3d3       100%        4


Dungeon Overview and Level Annotations

Branches:
Dungeon (11/15)            Temple (0/1) D:7             Orc (0/2) D:10
   Lair: D:8-11

Altars:
Cheibriados
Dithmenos
Elyvilon
Fedhas
Nemelex Xobeh
Okawaru
Qazlal
Sif Muna
Trog
Vehumet
Wu Jian
The Shining One

Shops:
D:1 *   D:9 (

Portals:
Trove: D:11 (show abyssal rune of Zot)

Annotations:
D:4 1 runed translucent door, Crazy Yiuf
D:9 2 transporters, riojii's ghost, journeyman KoEn
D:10 2 transporters, Pin's ghost, journeyman DsBe


Innate Abilities, Weirdness & Mutations

You have a pair of horns on your head.
You reflexively headbutt those who attack you in melee.


Message History

The gargoyle hits you with a +0 morningstar!!
Things that are here:
a +1 hand axe of freezing; a scroll of identify; an orc corpse You take 18 damage, and have 38/81 hp.
MASSIVE DAMAGE!!
You hit the gargoyle but do no damage. The gargoyle completely misses you.
You barely miss the gargoyle. Your headbutt misses the gargoyle.
The gargoyle barely misses you.
You hit the gargoyle but do no damage. You hit the gargoyle.
You headbutt the gargoyle, but do no damage.
The gargoyle is lightly damaged.
The gargoyle hits you with a +0 morningstar!
* * * LOW HITPOINT WARNING * * *
You take 17 damage, and have 22/81 hp.
MASSIVE DAMAGE!!
You hit the gargoyle.
The gargoyle is moderately damaged.
The gargoyle closely misses you.
You hit the gargoyle but do no damage.
The gargoyle is moderately damaged.
The gargoyle barely misses you.
You hit the gargoyle but do no damage.
The gargoyle is moderately damaged.
You hit the gargoyle but do no damage. You headbutt the gargoyle.
The gargoyle is heavily damaged.
The gargoyle hurls a stone arrow at you.
The stone arrow misses you.
You barely miss the gargoyle.
The gargoyle is heavily damaged.
The gargoyle hits you with a +0 morningstar!
* * * LOW HITPOINT WARNING * * *
You take 15 damage, and have 8/81 hp.
You hit the gargoyle but do no damage.
You headbutt the gargoyle, but do no damage.
The gargoyle is heavily damaged.
You slash the gargoyle!
You punch the gargoyle, but do no damage.
The gargoyle is severely damaged.
The gargoyle hurls a stone arrow at you.
The stone arrow hits you!
You die...

#... .###...
....... #......
...... #...#
#...#####
##..9@.†.#
#......###.#####
###
..###..........#
..# #...#.####.#
∩.# .) # #.....#
..##. #.# .#
#..#### ###
.##.##. #..# #
..... #..# ##
#...# #..#


You could see a gargoyle.

Vanquished Creatures
  A hydra (D:8)
  Pikel (D:4)
  A manticore (D:11)
  A gargoyle (D:10)
  An unseen horror (D:10)
  Prince Ribbit (D:5)
  2 dream sheep (D:8)
  2 shadows
  A vampire (D:9)
  2 wyverns (D:8)
  2 steam dragons
  Menkaure (D:4)
  Edmund (D:6)
  Duvessa (D:6)
  2 water moccasins
  4 orc warriors
  2 ice beasts (D:6)
  A black bear (D:6)
  A necrophage (D:6)
  An ogre (D:6)
  3 lemures (D:4)
  8 centaurs
  2 phantoms
  6 kobold brigands
  3 bullfrogs
  Dowan (D:6)
  4 howler monkeys
  A centaur zombie (D:8)
  A bullfrog zombie (D:5)
  7 hounds
  4 orc priests
  A centaur skeleton (D:5)
  A gnoll shaman (D:4)
  A bullfrog skeleton (D:4)
  11 orc wizards
  2 killer bee zombies (D:8)
  2 howler monkey zombies
  6 adders
  4 gnolls (D:4)
  3 worms (D:2)
  A dart slug (D:2)
  41 orcs
  5 endoplasms
  4 giant cockroaches
  12 goblins
  6 hobgoblins
  6 jackals
  4 quokkas
  8 ball pythons
  6 bats
  3 frilled lizards
  17 kobolds
  2 rats
215 creatures vanquished.

Vanquished Creatures (others)
  7 plants
7 creatures vanquished.

Grand Total: 222 creatures vanquished

Notes
Turn   | Place    | Note
-------+----------+-------------------------------------------
     0 | D:1      | gimp the Minotaur Gladiator began the quest for the Orb.
     0 | D:1      | Reached XP level 1. HP: 18/18 MP: 0/0
   258 | D:1      | You fall into a shaft and drop 1 floor!
   263 | D:2      | Reached skill level 4 in Long Blades
   268 | D:2      | Reached XP level 2. HP: 22/25 MP: 1/1
   518 | D:1      | Found Xireuck's Assorted Antiques.
   575 | D:1      | Found a faded altar of an unknown god.
   893 | D:2      | Found a white marble altar of Elyvilon.
  1034 | D:2      | Reached XP level 3. HP: 27/31 MP: 2/2
  1259 | D:2      | Noticed a phantom
  1265 | D:2      | Killed a phantom
  1266 | D:2      | Reached skill level 5 in Long Blades
  1266 | D:2      | Reached XP level 4. HP: 40/40 MP: 3/3
  1368 | D:2      | Reached skill level 6 in Long Blades
  1506 | D:2      | Reached XP level 5. HP: 46/46 MP: 4/4
  2779 | D:4      | Identified the +1 spear "Globulus" {speed, rF+++ MP-9 Int-3
                  | Dex+4}
  3241 | D:4      | Noticed Menkaure
  3252 | D:4      | Killed Menkaure
  3253 | D:4      | Reached skill level 5 in Fighting
  3253 | D:4      | Reached skill level 7 in Long Blades
  3253 | D:4      | Reached XP level 6. HP: 30/56 MP: 5/5
  3425 | D:4      | Reached skill level 8 in Long Blades
  3847 | D:4      | Noticed Pikel
  3903 | D:4      | Killed Pikel
  3904 | D:4      | Reached skill level 10 in Long Blades
  3904 | D:4      | Reached XP level 7. HP: 12/61 MP: 6/6
  4731 | D:4      | Found a runed translucent door.
  4732 | D:4      | Noticed Crazy Yiuf
  4772 | D:5      | Entered Level 5 of the Dungeon
  4790 | D:5      | Reached XP level 8. HP: 55/68 MP: 7/7
  4994 | D:5      | Noticed Prince Ribbit
  5006 | D:4      | Reached skill level 11 in Long Blades
  5053 | D:5      | Killed Prince Ribbit
  5479 | D:5      | Reached skill level 12 in Long Blades
  5602 | D:5      | Found an ornate altar of the Wu Jian Council.
  5608 | D:5      | Found a glowing golden altar of the Shining One.
  5608 | D:5      | Found a shadowy altar of Dithmenos.
  5608 | D:5      | Found an iron altar of Okawaru.
  5609 | D:5      | Found a shimmering blue altar of Sif Muna.
  5613 | D:5      | Found a white marble altar of Elyvilon.
  5616 | D:5      | Became a worshipper of Warmaster Okawaru
  5852 | D:6      | Noticed Dowan
  5852 | D:6      | Noticed Duvessa
  5873 | D:6      | Killed Duvessa
  5891 | D:6      | Killed Dowan
  5892 | D:6      | Reached skill level 13 in Long Blades
  6117 | D:6      | Found Oxees's Antique Weapon Emporium.
  6321 | D:6      | Reached * piety under Okawaru
  6322 | D:6      | Reached XP level 9. HP: 69/74 MP: 8/8
  6415 | D:6      | Reached skill level 14 in Long Blades
  6664 | D:6      | Noticed Edmund
  6671 | D:6      | Killed Edmund
  7255 | D:7      | Reached skill level 15 in Long Blades
  7330 | D:7      | Found a staircase to the Ecumenical Temple.
  7483 | D:7      | Found a snail-covered altar of Cheibriados.
  7587 | D:6      | Reached skill level 1 in Armour
  7587 | D:6      | Reached skill level 1 in Invocations
  7918 | D:7      | Identified the ring "Bumigux" {*Slow rF+ rCorr Stlth+}
  8020 | D:7      | Found a sparkling altar of Nemelex Xobeh.
  8398 | D:8      | Reached ** piety under Okawaru
  8821 | D:8      | Found a radiant altar of Vehumet.
  8853 | D:8      | Reached XP level 10. HP: 78/81 MP: 11/11
  8914 | D:8      | Reached skill level 5 in Armour
  8931 | D:8      | Noticed a three-headed hydra
  8939 | D:8      | Killed a one-headed hydra
  8939 | D:8      | Reached *** piety under Okawaru
  8940 | D:8      | Reached skill level 5 in Invocations
  9657 | D:9      | Found Legei's Weapon Shop.
  9698 | D:9      | Found a blossoming altar of Fedhas.
 10738 | D:9      | Noticed a two-headed ogre
 10746 | D:9      | Found a transporter.
 10746 | D:9      | Noticed a two-headed ogre
 10747 | D:9      | Noticed riojii's ghost (journeyman KoEn)
 10748 | D:9      | Noticed a two-headed ogre
 10753 | D:9      | Found a transporter.
 11006 | D:10     | Entered Level 10 of the Dungeon
 11781 | D:10     | Noticed a gargoyle
 11991 | D:10     | Noticed Pin's ghost (journeyman DsBe)
 12014 | D:10     | Reached **** piety under Okawaru
 12049 | D:10     | Noticed a moth of wrath
 12051 | D:10     | Noticed a two-headed ogre
 12051 | D:10     | Noticed a tengu warrior
 12480 | D:10     | Found a bloodstained altar of Trog.
 12491 | D:10     | Found a transporter.
 12495 | D:10     | Found a transporter.
 12644 | D:10     | Killed a gargoyle
 12645 | D:10     | Reached skill level 5 in Dodging
 12754 | D:10     | Found a stormy altar of Qazlal.
 12844 | D:10     | Found a staircase to the Orcish Mines.
 12943 | D:11     | Found a portal to a secret trove of treasure.
 13051 | D:11     | Noticed a manticore
 13063 | D:11     | Killed a manticore
 13136 | D:11     | Noticed a gargoyle
 13154 | D:11     | Killed from afar by a gargoyle

Illustrated notes

Levels and vault maps discovered:
D:1:      noname_arrival_rooms_in_the_neighbourhood, layout_basic,
          ebering_ecumenical_altar_box, serial_shops,
          nicolae_shop_overgrown_old_shop, serial_bayou_ford_a,
          nicolae_concentric_dashed_squares_wild
D:2:      minmay_inner_zag, layout_basic, basic_altar, kennysheep_donut
D:3:      layout_loops_corners, st_stairs_4
D:4:      kennysheep_the_goblin_king, layout_layer_cave, minmay_misc_feat_cross,
          kennysheep_generic_room_8, uniq_crazy_yiuf_cottage, uniq_pikel,
          uniq_menkaure
D:5:      layout_cave_pools, minitemple, serial_rivers,
          chequers_serial_rivers_marsh, chequers_serial_rivers_micro_c,
          chequers_serial_rivers_room_a, chequers_serial_rivers_micro_c,
          hangedman_abyss_or_decor_stabs, uniq_prince_ribbit1
D:6:      nicolae_cairo_tiling_very_big, layout_loops_ring, serial_shops, shop,
          uniq_duvessa, uniq_edmund
D:7:      layout_loops_ring, mainiacjoe_overflow_swirl,
          minmay_temple_entry_water_ring
D:8:      minmay_recursive_quarters, layout_basic,
          mainiacjoe_overflow_cross_hatched, minmay_misc_feat_tiny,
          grunt_decor_clamped, hangedman_ranch
D:9:      layout_loops_corners, kennysheep_mini, gammafunk_ghost_smash,
          serial_shops, nicolae_shop_advertising_works
          [nicolae_subvault_shop_adworks]
D:10:     layout_small_grid, mainiacjoe_overflow_catwalk, hiddenorc1_lemuel,
          serial_glass, glass_columns_a, glass_columns_c,
          gammafunk_ghost_wrathful_warriors, chequers_jeans
D:11:     layout_loops_cross, lair_entry_dummy, enter_trove_3, uniq_urug

Skill      XL: |  1  2  3  4  5  6  7  8  9 10 |
---------------+-------------------------------+-----
Long Blades    | 4 5 6 7 10 13 15 | 15.1
Fighting       | 3 4 5 |  5.0
Armour         | 4 8 |  8.6
Invocations    | 3 6 |  6.4
Dodging        | 5 |  5.7
Throwing       | |  2.0

Action                   |  1- 3 |  4- 6 |  7- 9 | 10-12 || total
-------------------------+-------+-------+-------+-------++-------
Melee: Long sword        |    52 |   155 |   261 |   249 ||   717
       Headbutt          |     9 |    35 |    47 |    55 ||   146
       Punch             |       |     3 |     6 |     8 ||    17
       Falchion          |       |       |       |     5 ||     5
Throw: Throwing net      |       |     1 |     2 |       ||     3
       Dart              |       |       |    12 |       ||    12
       Javelin           |       |       |       |     4 ||     4
Invok: Heroism           |       |       |       |     5 ||     5
       Finesse           |       |       |       |     1 ||     1
  Use: Scroll            |       |       |     8 |     8 ||    16
       Potion            |       |       |       |     2 ||     2
 Stab: Held in net/web   |       |     1 |       |       ||     1
Armor: Leather armour    |    13 |     5 |       |       ||    18
       Chain mail        |       |    56 |    35 |       ||    91
       Quicksilver drago |       |       |    77 |   125 ||   202
Dodge: Dodged            |    36 |    65 |   115 |   137 ||   353

Table legend: (Time is in decaauts)
 A = Elapsed time spent in this place.
 B = Non-inter-level travel time spent in this place.
 C = Inter-level travel time spent in this place.
 D = Time resting spent in this place.
 E = Time spent auto-exploring this place.
 F = Levels seen in this place.
 G = Mean time per level.
                   A        B        C        D        E       F      G
               +--------+--------+--------+--------+--------+-----+--------+
         Total |  13045 |  12439 |    606 |   1395 |   8957 |  11 | 1185.9 |
       Dungeon |  13045 |  12439 |    606 |   1395 |   8957 |  11 | 1185.9 |
               +--------+--------+--------+--------+--------+-----+--------+

Top non-repeatable levels by time:
     D:4: 2089 daAuts
     D:8: 1832 daAuts
     D:9: 1664 daAuts
     D:6: 1548 daAuts
     D:7: 1097 daAuts
     D:2: 1035 daAuts
    D:10: 969 daAuts
     D:3: 901 daAuts
     D:5: 849 daAuts
     D:1: 793 daAuts
    D:11: 263 daAuts
